 Dungeon Crawl Stone Soup version 0.23.2-33-g5129a83184 (webtiles) character file.

Game seed: 1901056761154902080

41 Atelerd the Conjurer (level 3, -1/21 HPs)
             Began as an Octopode Conjurer on July 16, 2019.
             Slain by a jackal (3 damage)
             ... on level 2 of the Dungeon.
             The game lasted 00:01:28 (1654 turns).

Atelerd the Conjurer (Octopode Conjurer)            Turns: 1654, Time: 00:01:28

Health: -1/21      AC:  1    Str:  7    XL:     3   Next: 52%
Magic:  3/8        EV: 13    Int: 23    God:
Gold:   51         SH:  0    Dex: 12    Spells: 8/9 levels left

rFire    . . .     SeeInvis .   e - +1 short sword (speed)
rCold    . . .     Gourm    .   (no shield)
rNeg     . . .     Faith    .   (helmet restricted)
rPois    .         Spirit   .   (no amulet)
rElec    .         Reflect  .   (no ring)
rCorr    .         Harm     .   (no ring)
MR       .....                  (no ring)
Stlth    +++.......             (no ring)
HPRegen  0.07/turn              (no ring)
MPRegen  0.11/turn              (no ring)
                                (no ring)
                                (no ring)

@: brilliant
A: almost no armour, stealthy swim, amphibious, 8 rings, constrict 8, camouflage
1, gelatinous body 1
a: no special abilities


You were on level 2 of the Dungeon.
You were not hungry.

You visited 1 branch of the dungeon, and saw 2 of its levels.

You collected 51 gold pieces.

Inventory:

Hand Weapons
 c - a +0 short sword
 e - a +1 short sword of speed (weapon)
Scrolls
 a - 3 scrolls of remove curse {unknown}
 d - a scroll of teleportation {unknown}
Comestibles
 b - a ration


   Skills:
 - Level 2.0 Dodging
 - Level 2.6 Stealth
 + Level 3.5 Spellcasting
 - Level 4.0 Conjurations


You had 8 spell levels left.
You knew the following spells:

 Your Spells              Type           Power        Failure   Level  Hunger
a - Magic Dart            Conj           ####         1%          1    None

Your spell library contained the following spells:

 Spells                   Type           Power        Failure   Level  Hunger
 Searing Ray              Conj           #####.       1%          2    #......
 Dazzling Spray           Conj/Hex       ####..       1%          3    ###....
 Iskenderun's Mystic Bla  Conj           #####...     2%          4    ####...
 Force Lance              Conj/Tloc      ####....     5%          4    ####...
 Fulminant Prism          Conj/Hex       ####......   5%          4    ####...


Dungeon Overview and Level Annotations

Branches:
Dungeon (2/15)

Altars:


Innate Abilities, Weirdness & Mutations

You cannot wear most types of armour.
You are very stealthy in the water. (Stealth+)
You are amphibious.
You can wear up to eight rings at the same time.
You can use your tentacles to constrict eight enemies at once.
Your skin changes colour to match your surroundings (Stealth+).
Your rubbery body absorbs attacks. (AC +1, EV +1)


Message History

* * * LOW HITPOINT WARNING * * *
Casting: Magic Dart (safe; 3% risk of failure)
Confirm with . or Enter, or press ? or * to list all spells.
Aiming: Magic Dart (safe; 3% risk of failure)
Press: ? - help, Shift-Dir - straight line, f/p - jackal
Aim: a jackal (heavily wounded)
The magic dart hits the jackal.
You kill the jackal!
The jackal bites you.
* * * LOW HITPOINT WARNING * * *
The kobold closely misses you. The jackal bites you.
* * * LOW HITPOINT WARNING * * *
The jackal barely misses you.
Casting: Magic Dart (safe; 3% risk of failure)
Confirm with . or Enter, or press ? or * to list all spells.
Okay, then.
It was a potion of brilliance.
You feel clever all of a sudden. The kobold closely misses you.
The jackal bites you.
You die...

#...#######..........
###..### #..........
##...## #..........
#####..###.......... #
##...........<.......
#.#....................
#.............[.....###
#.................)....
#.....h@.....[......##.
##....h.K...........#
#..................#
..................###
........%......
..............>
##.####....#... #.
#........


You could see 2 jackals and a kobold.

Vanquished Creatures
  An ooze (D:2)
  A dart slug (D:1)
  A leopard gecko (D:1)
  A giant cockroach (D:1)
  4 goblins (D:1)
  4 hobgoblins (D:1)
  3 jackals
  5 bats (D:1)
  4 frilled lizards (D:1)
  5 kobolds (D:1)
  3 rats (D:1)
32 creatures vanquished.

Notes
Turn   | Place    | Note
-------+----------+-------------------------------------------
     0 | D:1      | Atelerd the Octopode Conjurer began the quest for the Orb.
     0 | D:1      | Reached XP level 1. HP: 11/11 MP: 3/3
   209 | D:1      | Reached XP level 2. HP: 9/17 MP: 5/5
  1315 | D:1      | Reached XP level 3. HP: 17/21 MP: 7/7
  1654 | D:2      | Slain by a jackal

Skill      XL: |  1  2 |
---------------+-------+-----
Spellcasting   | 3 |  3.5
Dodging        | |  2.0
Stealth        | |  2.6
Conjurations   | |  4.0

Action                   || total
-------------------------++-------
Melee: Short sword       ||    65
       Constrict         ||    17
       Unarmed           ||     3
       Tentacles         ||     6
 Cast: Magic Dart        ||    28
  Use: Potion            ||     1
 Stab: Sleeping          ||     3
  Eat: Chunk             ||     2
Armor: Skin              ||    14
Dodge: Dodged            ||    85
